 Dungeon Crawl Stone Soup version 0.30.0-2-g1aa4bd4387 (webtiles) character file.

Game seed: 9160690327254387569

77 Peloso the Covered (level 4, 44/44 HPs)
             Began as a Minotaur Fighter on May 7, 2023.
             Got out of the dungeon alive.
             The game lasted 00:03:47 (1858 turns).

Peloso the Covered (Minotaur Fighter)               Turns: 1858, Time: 00:03:48

Health: 44/44      AC: 17    Str: 21    XL:     4   Next: 14%
Magic:  3/3        EV:  8    Int:  5    God:
Gold:   143        SH:  9    Dex: 11    Spells: 3/3 levels left

rFire   . . .        a - +0 long sword
rCold   . . .        d - +0 buckler
rNeg    . . .        i - +0 chain mail
rPois   .            (helmet unavailable)
rElec   .            (no cloak)
rCorr   .            c - +0 pair of gloves
SInv    .            h - +0 pair of boots
Will    .....        l - amulet of reflection Stlth
                     g - +4 ring of protection
HPRegen 0.27/turn    (no ring)
MPRegen 0.08/turn

%: reflection, clarity
@: no status effects
A: horns 3, retaliatory headbutt, iridescent scales 1, clarity, robust 1
a: no special abilities


You escaped.
You visited 1 branch of the dungeon, and saw 2 of its levels.

You collected 143 gold pieces.

Inventory:

Hand Weapons
 a - a +0 long sword (weapon)
Armour
 b - a +0 scale mail
 c - a +0 pair of gloves (worn)
 d - a +0 buckler (worn)
 h - a +0 pair of boots (worn)
 i - a +0 chain mail (worn)
Jewellery
 g - a +4 ring of protection (left hand)
 l - an amulet of reflection (around neck)
Scrolls
 f - 3 scrolls of identify
 k - a scroll of fear
Potions
 e - a potion of might
 n - 2 potions of curing
 o - a potion of berserk rage {unknown}


   Skills:
 + Level 4.2 Fighting
 + Level 3.4 Long Blades
 + Level 4.3 Armour
 + Level 0.5 Dodging
 + Level 4.3 Shields


You had 3 spell levels left.
You didn't know any spells.
Your spell library contained the following spells:

 Spells                   Type           Power      Damage    Failure   Level
 Slow                     Hex            0%         N/A       99%         1
 Call Canine Familiar     Summ           0%         N/A       100%        3
 Confusing Touch          Hex            0%         N/A       100%        3
 Portal Projectile        Hex/Tloc       0%         N/A       100%        3
 Vampiric Draining        Necr           0%         2d6       100%        3
 Vhi's Electric Charge    Tloc/Air       0%         N/A       100%        3
 Leda's Liquefaction      Hex/Erth       0%         N/A       100%        4
 Arcjolt                  Conj/Air       0%         1d10      100%        5
 Plasma Beam              Fire/Air       0%         2x1d11    100%        6


Dungeon Overview and Level Annotations

Branches:
Dungeon (2/15)

Altars:


Innate Abilities, Weirdness & Mutations

You have a pair of large horns on your head.
You reflexively headbutt those who attack you in melee.
You are partially covered in iridescent scales. (AC +2)
You possess an exceptional clarity of mind.
You are robust. (+10% HP)


Message History

There is a large open door here.
There is a large open door here.
You open the door.
There is an open door here.
You pick up a book of Lightning and begin reading...
You add the spells Vhi's Electric Charge, Arcjolt and Plasma Beam to your library.
There is a stone staircase leading down here.
You open the door.
There is a stone staircase leading down here.
There is an open door here.
There is an open door here.
Done exploring.
Done exploring.
Done exploring.
Done exploring.
Done exploring.
As you read the scroll labelled UNEOBI WAURR, it crumbles to dust.
It is a scroll of identify.
k - a scroll of fear
As you read the scroll labelled TOQAMOLLAFF, it crumbles to dust.
The air around you briefly surges with heat, but it dissipates.
It was a scroll of immolation.
As you read the scroll labelled VAMORCH MEXUFEI, it crumbles to dust.
You feel momentarily disoriented.
It was a scroll of magic mapping.
It was a potion of mutation.
You feel extremely strange. The horns on your head grow some more.
You feel robust.
Iridescent scales grow over part of your body.
Your thoughts seem clearer.
(D) Dungeon
Where to? (Enter - D:12, ? - help)
What level of the Dungeon? (default 1, ? - help)
There is a stone staircase leading up here.
You climb upwards.
There is a stone staircase leading down here.
There is an open door here.
You enter the shallow water.
Moving in this stuff is going to be slow.
There is a staircase leading out of the dungeon here.
Are you sure you want to leave the Dungeon?
This will make you lose the game!
You have escaped!

#.#....≈# #~~P##.# #...####
#.#....≈# #.##PP~# ###.#
#.#....≈# #.##P~P# #.# #['#######
#...P~~#####.# #........#
#.#####~P~...# .........# #.#
#PP~##.###### ###...#### #.###
#P~P##.##...# #≈≈~~~≈≈≈# #...#
#.##P~P##.#.# ###...####
#.@.###.##P~~##.#.. #........#
#.........~P~##.### #........#
################....
########.#####................###
#......................... ###
#######....###########.... ..#
######.........######### ..#
#.......#.#.##.##....... ..#
#.##.#..#.####.##.######


There were no monsters in sight!

Vanquished Creatures
  2 worms (D:2)
  A dart slug (D:1)
  10 endoplasms
  3 giant cockroaches
  3 goblins (D:1)
  A hobgoblin (D:2)
  14 jackals
  6 kobolds
  3 quokkas
  4 ball pythons
  3 bats
  3 frilled lizards
  7 rats
60 creatures vanquished.

Notes
Turn   | Place    | Note
-------+----------+-------------------------------------------
     0 | D:1      | Peloso the Minotaur Fighter began the quest for the Orb.
     0 | D:1      | Reached XP level 1. HP: 19/19 MP: 0/0
   130 | D:1      | Reached XP level 2. HP: 25/27 MP: 1/1
   600 | D:1      | Reached XP level 3. HP: 33/33 MP: 2/2
  1363 | D:2      | Reached XP level 4. HP: 40/40 MP: 3/3
  1794 | D:2      | Gained mutation: You have a pair of large horns on your
                  | head. [potion of mutation]
  1794 | D:2      | Gained mutation: You are robust. (+10% HP) [potion of
                  | mutation]
  1794 | D:2      | Gained mutation: You are partially covered in iridescent
                  | scales. (AC +2) [potion of mutation]
  1794 | D:2      | Gained mutation: You possess an exceptional clarity of
                  | mind. [potion of mutation]
  1858 | D:$      | Got out of the dungeon alive.

Illustrated notes

Levels and vault maps discovered:
D:1:      psy_arrival_conway, layout_basic, serial_rivers,
          chequers_serial_rivers_micro_a, chequers_serial_rivers_small_a,
          chequers_serial_rivers_small_3, chequers_serial_rivers_room_a
D:2:      wad_river_or_something, layout_basic

Skill      XL: |  1  2  3 |
---------------+----------+-----
Shields        | 4 |  4.3
Fighting       | 4 |  4.2
Armour         | 4 |  4.3
Long Blades    | 3 |  3.4
Dodging        | |  0.5

Action                     |  1- 3 |  4- 6 || total
---------------------------+-------+-------++-------
  Melee: Long sword        |    85 |    17 ||   102
         Headbutt          |    17 |     4 ||    21
    Use: Potion            |     2 |     1 ||     3
         Scroll            |       |     3 ||     3
 Armour: Scale mail        |    26 |       ||    26
         Chain mail        |    25 |    13 ||    38
  Dodge: Dodged            |    42 |     6 ||    48
  Block: Buckler           |    28 |    11 ||    39
         Reflection        |     3 |       ||     3
